 Dungeon Crawl Stone Soup version 0.16.2-3-ga078185 (webtiles) character file.

107 gorblad the Insei (level 4, -6/22 HPs)
             Began as a Vine Stalker Transmuter on Sept 8, 2015.
             Mangled by an orc
             ... wielding a +0 flail
              (12 damage)
             ... on level 3 of the Dungeon.
             The game lasted 00:10:34 (2776 turns).

gorblad the Insei (Vine Stalker Transmuter)         Turns: 2776, Time: 00:10:36

Health: -6/22      AC:  2    Str: 12    XL:     4   Next: 85%
Magic:  0/9        EV: 20    Int: 14    God:
Gold:   131        SH:  0    Dex: 20    Spells: 3 memorised, 2 levels left

rFire  . . .     SeeInvis .       - Unarmed
rCold  . . .     Clarity  .     k - melded +0 leather armour
rNeg   . . .     SustAb   .     (shield currently unavailable)
rPois  x         Gourm    .     (helmet currently unavailable)
rElec  .         Spirit   +     (cloak currently unavailable)
rCorr  .         Warding  .     (gloves currently unavailable)
rMut   .         Stasis   .     (boots currently unavailable)
MR     .....                    (no amulet)
Stlth  ++........               (no ring)
                                (no ring)

@: spider-form, not resistant to hostile enchantments, unstealthy
A: (fangs 0), regeneration 1, magic shield, (antimagic bite), no device heal 3,
rot immunity
a: End Transformation


You were on level 3 of the Dungeon.
You were not hungry.
You were a venomous arachnid creature.
You visited 1 branch of the dungeon, and saw 3 of its levels.

You collected 131 gold pieces.

Inventory:

Missiles
 a - 12 arrows of flame
 b - 68 arrows
 e - 7 tomahawks (quivered)
Armour
 c - a +0 robe
 k - a +0 leather armour (melded)
 s - a +0 plate armour
Magical staves
 u - an uncursed staff of earth
Jewellery
 q - a +3 ring of strength {unknown}
Scrolls
 h - 2 scrolls of fear {unknown}
 i - a scroll of random uselessness {unknown}
 j - 2 scrolls of enchant armour {unknown}
 l - 2 scrolls of remove curse {unknown}
 m - 3 scrolls of identify {unknown}
 r - a scroll of magic mapping {unknown}
Potions
 f - a potion of beneficial mutation {unknown}
 g - a potion of cure mutation {unknown}
 p - a potion of resistance {unknown}
 t - 2 potions of agility {unknown}
 v - a potion of brilliance {unknown}
 w - a potion of curing {unknown}
Books
 d - a book of Changes

   Spells                             Type                      Level
   a - Beastly Appendage              Transmutation                1
   b - Sticks to Snakes               Transmutation                2
   c - Spider Form                    Transmutation/Poison         3
   d - Ice Form                       Ice/Transmutation            4
   e - Blade Hands                    Transmutation                5
Comestibles
 n - a slice of pizza
 o - a meat ration


   Skills:
 + Level 1.5 Fighting
 + Level 0.4 Armour
 + Level 2.0 Dodging
 + Level 0.6 Stealth
 + Level 3.9 Unarmed Combat
 + Level 2.7 Spellcasting
 + Level 2.5 Transmutations
 + Level 0.4 Poison Magic


You had 2 spell levels left.
You knew the following spells:

 Your Spells              Type           Power        Failure   Level  Hunger
a - Beastly Appendage     Trmt           #.....       24%         1    #......
b - Sticks to Snakes      Trmt           #.........   32%         2    ###....
c - Spider Form           Trmt/Pois      #.........   61%         3    ###....


Dungeon Overview and Level Annotations

Branches:
Dungeon (3/15)

Altars:


Innate Abilities, Weirdness & Mutations

((You have extremely sharp teeth.))
Your natural rate of healing is unusually fast.
When hurt, damage is shared between your health and your magic reserves.
((Your bite disrupts and absorbs the magic of your enemies.))
Potions and wands cannot restore your health.
You are immune to rotting.


Message History

Your transformation is almost over.
You hear a shout! x2
The orc priest hits you with a dagger.
You barely miss the orc priest.
You bite the orc priest, but do no damage.
The orc priest is severely wounded.
The orc hits you with a flail.
The orc hits you from afar with a trident.
* * * LOW HITPOINT WARNING * * *
You are too injured to fight recklessly!
You are too injured to fight recklessly!
You are too injured to fight recklessly!
Casting: Beastly Appendage
Confirm with . or Enter, or press ? or * to list all spells.
Your horns disappear.
You turn into a venomous arachnid creature.
Your +0 leather armour melds into your body.
The orc priest completely misses you. The orc hits you with a flail!
Ouch! That really hurt!
You die...

#. #........##.# #.#
#. #........##.###.#
#.# #.........#.##..#
#.# ##....)...#.##.##
#.# ##........#.##.#
##.###.........#.##.#
#...##.#####.#.#.##.#
.....#.# #.#.#o##.#
.......# #...os...#
.......#####<#o######
...............
...............
≈≈≈≈≈≈.≈....≈≈.
≈≈≈≈≈≈≈≈≈≈≈≈≈≈≈
≈≈≈≈≈≈≈≈≈≈≈≈≈≈≈
≈≈≈≈≈≈≈≈≈≈≈≈≈≈
##############


You could see an orc priest and 2 orcs.

Vanquished Creatures
  An adder (D:2)
  A giant mite (D:1)
  3 worms (D:2)
  3 giant geckos
  2 oozes
  9 bats
  4 giant cockroaches
  7 hobgoblins
  4 jackals (D:1)
  9 kobolds
  A quokka (D:2)
  4 giant newts
  7 goblins
  9 rats
64 creatures vanquished.

Notes
Turn   | Place    | Note
--------------------------------------------------------------
     0 | D:1      | gorblad, the Vine Stalker Transmuter, began the quest for the Orb.
     0 | D:1      | Reached XP level 1. HP: 9/9 MP: 3/3
   118 | D:1      | Reached XP level 2. HP: 10/14 MP: 5/5
   142 | D:1      | Learned a level 2 spell: Sticks to Snakes
   509 | D:1      | Reached skill level 1 in Fighting
   513 | D:1      | Reached XP level 3. HP: 10/18 MP: 3/7
   518 | D:1      | Learned a level 3 spell: Spider Form
  1498 | D:2      | Reached XP level 4. HP: 12/22 MP: 2/9
  1693 | D:2      | HP: 1/22 [poisoned by an adder]
  1699 | D:2      | HP: 1/22 [poisoned by an adder]
  1707 | D:2      | HP: 1/22 [poisoned by an adder]
  2776 | D:3      | Mangled by an orc

Action                   |  1- 3 |  4- 6 || total
-------------------------+-------+-------++-------
Melee: Unarmed           |   115 |   105 ||   220
       Staff             |       |    22 ||    22
Throw: Tomahawk          |       |     2 ||     2
 Cast: Beastly Appendage |     5 |    14 ||    19
       Spider Form       |     4 |     1 ||     5
  Eat: Bread ration      |     1 |     1 ||     2
